 Dungeon Crawl Stone Soup version 0.21-a0-632-g1e37ce5 (webtiles) character file.

232738 Gaball the Warrior (level 19, -3/142 HPs)
             Began as a Gargoyle Berserker on Dec 27, 2017.
             Was an Elder of Trog.
             Killed by divine providence
             ... invoked by a smoke demon
              (11 damage)
             ... on level 4 of the Abyss.
             The game lasted 02:20:41 (35656 turns).

Gaball the Warrior (Gargoyle Berserker)            Turns: 35656, Time: 02:20:42

Health: -3/142     AC: 43    Str: 26 (30) XL:     19   Next: 9%
Magic:  0/16       EV: 14    Int:  5 (7)  God:    Trog [****..]
Gold:   2309       SH:  4    Dex: 23 (24) Spells: 18/18 levels left

rFire    . . .     SeeInvis +   I - +5 great mace (drain)
rCold    + + +     Gourm    .   (shield currently unavailable)
rNeg     + + .     Faith    .   h - +4 chain mail of Baldness {-Cast rPois Str+2 Dex+6}
rPois    ∞         Spirit   +   M - +2 hat of the Bear Spirit {Spirit, +Rage rN+ MR++}
rElec    +         Reflect  +   J - +0 cloak {rC+}
rCorr    .         Harm     .   V - +2 pair of gloves of Wonder {rC+++ MR- Dex+3 Stlth-}
MR       ++++.     Clarity  +   Z - +2 pair of boots of Posismiq {Regen+ SInv} Stlth ..........Rnd*Tele +
                                s - +4 amulet of reflection
HPRegen  1.73/turn NoCast   +   X - +3 ring of protection
MPRegen  0.15/turn              x - +5 ring of dexterity

@: berserking (expiring), about to teleport, very slightly contaminated,
regenerating, studying Stealth, very quick
A: big wings, [berserk 2], [blurry vision 1], clarity, [deformed body],
[deterioration 1], [dopey 1], [frail 3], [low mp 3], negative energy resistance
1, [screaming 1], electricity resistance, [teleportitis 1], [weak 2],
unbreathing, petrification resistance, [no potion heal 3], rot immunity,
[subdued magic 2], AC +14
}: 2/15 runes: serpentine, abyssal
a: Fly, Berserk, Trog's Hand, Brothers in Arms, Burn Spellbooks, Renounce
Religion, Evoke Berserk Rage


You were on level 4 of the Abyss.
You worshipped Trog.
Trog was greatly pleased with you.
You were near starving.

You visited 6 branches of the dungeon, and saw 30 of its levels.
You visited the Abyss 1 time.
You also visited: Ice Cave.

You collected 3558 gold pieces.
You spent 1249 gold pieces at shops.

Inventory:

Hand Weapons
 o - a +3 antimagic great mace
 A - a cursed +0 great mace
 I - a +5 great mace of draining (weapon)
Missiles
 S - 3 throwing nets (quivered)
Armour
 h - the +4 chain mail of Baldness (worn) {-Cast rPois Str+2 Dex+6}
   (You found it on level 4 of the Snake Pit)

   It affects your strength (+2).
   It affects your dexterity (+6).
   It protects you from poison.
   It prevents spellcasting.
 J - a +0 cloak of cold resistance (worn)
 M - the +2 hat of the Bear Spirit (worn) {Spirit, +Rage rN+ MR++}
   (You found it in an ice cave)

   It protects you from negative energy.
   It affects your resistance to hostile enchantments.
   It lets you go berserk.
 V - the +2 pair of gloves of Wonder (worn) {rC+++ MR- Dex+3 Stlth-}
   (You found it on level 2 of the Snake Pit)

   It affects your dexterity (+3).
   It renders you almost immune to cold.
   It affects your resistance to hostile enchantments.
   It makes you less stealthy.
 Z - the +2 pair of boots of Posismiq (worn) {Regen+ SInv}
   (You bought it in a shop on level 3 of the Shoals)

   It lets you see invisible.
   It increases your rate of regeneration.
Jewellery
 k - an uncursed amulet of harm {unknown}
 s - a +4 amulet of reflection (around neck)
 x - a +5 ring of dexterity (right hand)
 X - a +3 ring of protection (left hand)
Wands
 i - a wand of flame (5)
 r - a wand of paralysis (18)
 H - a wand of enslavement (22)
 N - a wand of digging (20)
 R - a wand of polymorph (15)
Scrolls
 a - a scroll of blinking
 d - 7 scrolls of fog
 f - 4 scrolls of teleportation
 j - 11 scrolls of remove curse
 l - 10 scrolls of amnesia
 p - 7 scrolls of enchant weapon
 q - 6 scrolls of magic mapping
 w - 4 scrolls of summoning
 y - a scroll of brand weapon {unknown}
 z - 3 scrolls of torment {unknown}
 B - a scroll of noise {unknown}
 E - a scroll of identify
 L - a scroll of holy word {unknown}
 Q - a scroll of immolation {unknown}
 T - a scroll of silence {unknown}
 U - a scroll of random uselessness {unknown}
 W - 4 scrolls of fear
 Y - 4 scrolls of enchant armour {unknown}
Potions
 e - 9 potions of curing
 g - 2 potions of agility
 m - a potion of brilliance {unknown}
 n - 2 potions of haste {unknown}
 u - 2 potions of ambrosia
 C - 2 potions of cancellation
 D - a potion of resistance {unknown}
 F - 8 potions of heal wounds
 G - 2 potions of mutation
 K - 4 potions of magic
 O - 3 potions of invisibility
 P - 6 potions of might
Books
 b - a manual of Stealth
Miscellaneous
 t - a lightning rod (4/4)
 v - a lightning rod (4/4)
Comestibles
 c - 31 rations


   Skills:
 + Level 20.6 Fighting
 - Level 20.0 Maces & Flails
   Level 0.0 Polearms
 - Level 17.3 Armour
 + Level 6.7 Dodging
 - Level 7.7 Stealth
   Level 4.1 Shields
 - Level 5.5 Evocations


You had 18 spell levels left.
You didn't know any spells.

Dungeon Overview and Level Annotations

Branches:
Dungeon (13/15)            Temple (1/1) D:5            Lair (6/6) D:11
 Shoals (4/4) Lair:2        Snake (4/4) Lair:2        Slime (0/5) Lair:5
    Orc (2/2) D:10            Elf (0/3) Orc:2        Vaults (0/5) D:13

Altars:
Ashenzari
Cheibriados
Dithmenos
Elyvilon
Fedhas
Gozag
Hepliaklqana
Makhleb
Nemelex Xobeh
Qazlal
Ru
Sif Muna
Trog
Uskayaw
Vehumet
Wu Jian
Xom
Yredelemnul
Zin

Shops:
Orc:1 %   Orc:2 !}*%?(:(   Shoals:3 [   Snake:1 !   Snake:4 }

Portals:
Pandemonium: Orc:2
Bazaar: Snake:3

Annotations:
Snake:3 exclusion: obsidian statue


Innate Abilities, Weirdness & Mutations

You are resistant to torment.
Your stone body is resilient. (AC +14)
You are immune to poison.
Your large and strong wings let you fly indefinitely.
You resist negative energy. (rN+)
You are resistant to electric shocks. (rElec)
You can survive without breathing.
You are immune to petrification.
You are immune to rotting.
You possess an exceptional clarity of mind.
[You often lose your temper in combat.]
[Scrolls take you a little longer to read.]
[Armour fits poorly on your strangely shaped body.]
[Your body sometimes deteriorates upon taking damage.]
[You are dopey. (Int -2)]
[You are extremely frail. (-30% HP)]
[Your magical capacity is extremely low. (-30% MP)]
[You occasionally shout uncontrollably at your foes.]
[You are occasionally teleported next to monsters.]
[You are very weak. (Str -4)]
[Potions cannot restore your health.]
[Your spells are easier to cast, but less powerful.]


Message History

Your vision sharpens a little. x2
You begin to regenerate regardless of the presence of monsters.
You feel a little less angry.
You feel stable.
Your urge to yell lessens.
Your lightning rod (4/4) has regained one charge.
The merfolk impaler hits you but does no damage.
You closely miss the thrashing horror.
You block the thrashing horror's attack. x2
The smoke demon gestures at you. Something smites you!
* * * LOW HITPOINT WARNING * * *
Unknown command.
You are too berserk!
You bludgeon the thrashing horror!!
The thrashing horror is moderately damaged.
The thrashing horror misses you.
The thrashing horror tramples you but does no damage.
The merfolk impaler hits you but does no damage.
The smoke demon gestures at you. Something smites you!
You die...

.. #.# ..#
.#..### . ...
...$... . .....
X## .# #.# ..
#@# . ##m# .. #
#32# #. #..*3# #
# ## # #
....2*.#. ###..
#.....##§...## #
..## R #..#.#.
....# .55 #
###.#.....h.*5X#
..5# ..##≈≈≈838
≈≈ * .*. ≈


You could see a merfolk impaler, 2 wretched stars, 2 blizzard demons, a
thrashing horror and 2 smoke demons.

Vanquished Creatures
  An Ice Fiend (IceCv)
  A kraken (Shoals:2)
  6 nagarajas
  6 merfolk impalers
  5 merfolk javelineers
  4 hydras
  5 vault guards (D:13)
  9 naga warriors
  A centaur warrior (D:12)
  The ghost of Torious the Destroyer, a journeyman DECj of Sif Muna (D:12)
  An ice dragon (Snake:4)
  An alligator snapping turtle (Shoals:4)
  9 merfolk aquamancers
  A merfolk avatar (Shoals:3)
  8 anacondas
  4 two-headed ogres
  4 satyrs
  2 orc high priests
  14 naga sharpshooters
  4 thrashing horrors (Abyss:4)
  5 shock serpents
  Nergalle (Lair:2)
  A wretched star (Abyss:4)
  A deep elf knight (D:13)
  A soul eater (Orc:2)
  9 salamander mystics
  A skeletal warrior (D:11)
  A large abomination (Abyss:4)
  A glowing orange brain (Abyss:4)
  10 sea snakes
  3 lindwurms
  5 naga ritualists
  8 harpies
  3 orc knights (Orc:2)
  17 fauns
  7 orc sorcerers
  9 salamanders
  20 mana vipers
  5 manticores
  2 ugly things
  An oklob plant (Lair:1)
  9 cyclopes
  3 merfolk sirens
  A worldbinder (Abyss:3)
  6 elephants
  A rust devil (Orc:2)
  3 water nymphs
  28 naga magi
  37 black mambas
  10 guardian serpents
  An ice statue (IceCv)
  2 smoke demons
  26 spiny frogs
  A gargoyle (D:13)
  8 komodo dragons
  2 rime drakes
  A yaktaur (D:13)
  A kobold demonologist (D:12)
  6 ice devils
  An ancient zyme (Abyss:3)
  4 anaconda simulacra (IceCv)
  2 freezing wraiths (IceCv)
  3 red devils (Orc:2)
  A queen bee (shapeshifter) (D:13)
  A tengu conjurer (D:13)
  5 wind drakes
  37 merfolk
  4 trolls
  4 tyrant leeches (Lair:6)
  3 polar bears
  A wolf spider simulacrum (IceCv)
  A slime creature (D:7)
  9 snapping turtles
  A raiju (Abyss:4)
  12 blink frogs
  9 dream sheep
  A hornet (D:8)
  12 hippogriffs
  3 shadows
  3 dire elephant simulacra (IceCv)
  2 spriggans
  16 water elementals
  3 wyverns
  3 hungry ghosts
  3 wraiths
  A golden eye (Abyss:4)
  28 yaks
  A death yak simulacrum (IceCv)
  5 basilisks
  A chaos spawn (Abyss:4)
  A steam dragon (D:11)
  6 vampire mosquitoes (Lair:6)
  A harpy simulacrum (IceCv)
  41 nagas
  An acid dragon (D:8)
  A soldier ant (D:12)
  3 iron troll simulacra (IceCv)
  11 water moccasins
  3 hydra simulacra (IceCv)
  An ettin simulacrum (IceCv)
  11 porcupines
  23 orc warriors
  2 sky beasts
  5 black bears
  3 ice beasts (D:8)
  3 phantoms
  A necrophage (D:11)
  11 ogres
  An eye of draining (D:12)
  16 wolves
  9 centaurs
  10 crocodiles
  6 big kobolds
  24 bullfrogs
  4 scorpions
  3 small abominations
  An elephant simulacrum (IceCv)
  20 wights
  2 howler monkeys (D:7)
  4 electric eels
  6 crimson imps
  A troll skeleton (Abyss:3)
  4 jellies
  5 bullfrog zombies
  9 hounds
  A quasit (D:11)
  3 centaur zombies
  3 draconian simulacra (IceCv)
  A wyvern simulacrum (D:8)
  25 orc priests
  2 centaur skeletons
  4 gnoll shamans (D:5)
  24 orc wizards
  3 iguanas
  A spriggan simulacrum (IceCv)
  4 troll simulacra (IceCv)
  12 worker ants
  A wolf simulacrum (IceCv)
  A centaur simulacrum (IceCv)
  2 hound skeletons
  A worker ant zombie (D:5)
  15 adders
  37 gnolls
  2 ogre simulacra (IceCv)
  5 shadow imps
  8 white imps
  6 ufetubi
  2 adder skeletons
  2 adder zombies
  4 worms
  A dart slug (D:2)
  6 leopard geckos
  64 orcs
  8 bats
  4 giant cockroaches
  16 goblins
  12 hobgoblins
  23 jackals
  22 kobolds
  5 quokkas
  3 frilled lizards
  A leopard gecko skeleton (D:6)
  2 quokka skeletons
  6 rats
  2 plants (Shoals:2)
  4 tentacles (Shoals:2)
1125 creatures vanquished.

Vanquished Creatures (collateral kills)
  2 nagarajas (Snake:4)
  Donald (Snake:3)
  Nessos (Orc:2)
  A merfolk javelineer (Shoals:4)
  A hydra (Lair:4)
  2 naga warriors
  2 anacondas (Snake:4)
  A two-headed ogre (Orc:2)
  Erica (Lair:1)
  4 death yaks (Lair:6)
  2 orc high priests (Orc:2)
  2 skeletal warriors (D:11)
  An infernal demonspawn (Orc:2)
  A sea snake (Shoals:2)
  A lindwurm (Snake:4)
  2 harpies (Shoals:1)
  3 orc knights
  A mana viper (Snake:4)
  3 orc sorcerers (Orc:2)
  A guardian serpent (Snake:4)
  A black mamba (Snake:4)
  Joseph (D:9)
  4 elephants (Lair:4)
  3 merfolk sirens (Shoals:1)
  A naga mage (Snake:4)
  A spiny frog (Lair:4)
  A gargoyle (D:12)
  A freezing wraith (IceCv)
  A rime drake (Lair:4)
  An ice devil (IceCv)
  5 merfolk
  A polar bear (D:8)
  4 nagas
  6 orc warriors
  2 black bears (D:7)
  A wolf (D:8)
  An alligator simulacrum (IceCv)
  An ogre (Orc:1)
  A howler monkey (D:11)
  4 orc priests
  3 orc wizards (Orc:1)
  A worker ant (D:11)
  A bullfrog simulacrum (D:8)
  A white imp (IceCv)
  5 orcs
85 creatures vanquished.

Vanquished Creatures (others)
  A satyr (Shoals:4)
  A lindwurm (Snake:4)
  A small abomination (Abyss:4)
  An ufetubus (IceCv)
  15 fungi
  A lurking horror (Abyss:4)
  77 plants
  18 starspawn tentacles (Abyss:4)
  5 tentacles (Shoals:2)
120 creatures vanquished.

Grand Total: 1330 creatures vanquished

Notes
Turn   | Place    | Note
-------+----------+-------------------------------------------
     0 | D:1      | Gaball the Gargoyle Berserker began the quest for the Orb.
     0 | D:1      | Reached XP level 1. HP: 14/14 MP: 1/1
    53 | D:1      | Reached XP level 2. HP: 17/19 MP: 2/2
   262 | D:1      | Reached XP level 3. HP: 16/23 MP: 3/3
   268 | D:1      | Reached ** piety under Trog
   566 | D:1      | Found a sparkling altar of Nemelex Xobeh.
  1047 | D:2      | Reached XP level 4. HP: 27/28 MP: 4/4
  1209 | D:2      | Found a faded altar of an unknown god.
  1218 | D:2      | Reached skill level 5 in Maces & Flails
  1394 | D:3      | Reached XP level 5. HP: 17/32 MP: 5/5
  1564 | D:3      | Found a shimmering altar of Xom.
  1564 | D:3      | Found a basalt altar of Yredelemnul.
  1627 | D:3      | Reached *** piety under Trog
  1997 | D:3      | Found a sparkling altar of Nemelex Xobeh.
  2031 | D:3      | Found a faded altar of an unknown god.
  2031 | D:3      | Found a shattered altar of Ashenzari.
  2037 | D:3      | Found a deep blue altar of Sif Muna.
  2039 | D:3      | Found a faded altar of an unknown god.
  2041 | D:3      | Found a hazy altar of Hepliaklqana.
  2238 | D:4      | Reached XP level 6. HP: 26/37 MP: 6/6
  2451 | D:4      | Noticed a phantom
  3415 | D:4      | You fall through a shaft for 2 floors!
  3424 | D:6      | Found an ornate altar of the Wu Jian Council.
  3424 | D:6      | Found a glowing silver altar of Zin.
  3424 | D:6      | Found a bloodstained altar of Trog.
  3459 | D:6      | Got a transparent robe
  3478 | D:6      | Identified the +1 robe "Sycsih" {*Corrode Str+3 Int+4} (You found it on level 6 of the Dungeon)
  3479 | D:5      | Entered Level 5 of the Dungeon
  3521 | D:5      | Killed a phantom
  3521 | D:5      | Reached XP level 7. HP: 29/41 MP: 7/7
  3700 | D:5      | Found a blossoming altar of Fedhas.
  4030 | D:5      | Found a staircase to the Ecumenical Temple.
  4278 | D:5      | Reached XP level 8. HP: 46/46 MP: 8/8
  4399 | D:5      | Found a shimmering altar of Xom.
  4489 | D:5      | Reached **** piety under Trog
  4713 | D:5      | Reached skill level 10 in Maces & Flails
  5655 | D:6      | Reached XP level 9. HP: 51/51 MP: 9/9
  5879 | D:6      | Reached skill level 5 in Armour
  5927 | D:6      | Found a blossoming altar of Fedhas.
  6426 | Temple   | Entered the Ecumenical Temple
  6482 | D:7      | Found the cursed +13 scythe of Curses {drain, *Curse}
  6521 | D:7      | Reached skill level 5 in Fighting
  6528 | D:7      | Noticed a manticore
  6536 | D:7      | Killed a manticore
  6552 | D:7      | Reached XP level 10. HP: 18/60 MP: 10/10
  6649 | D:7      | Noticed a cyclops
  6668 | D:7      | Killed a cyclops
  6999 | D:7      | Reached skill level 1 in Evocations
  8300 | D:8      | Reached XP level 11. HP: 71/71 MP: 13/13
  8376 | D:8      | Found a shadowy altar of Dithmenos.
  8437 | D:8      | Reached ***** piety under Trog
  8622 | D:8      | Reached skill level 10 in Fighting
  8912 | D:9      | Found a radiant altar of Vehumet.
  9021 | D:9      | Found a stormy altar of Qazlal.
  9053 | D:9      | Noticed a two-headed ogre
  9057 | D:9      | Killed a two-headed ogre
  9427 | D:9      | Reached skill level 5 in Evocations
  9629 | D:9      | Reached skill level 10 in Armour
  9807 | D:9      | Noticed Joseph
  9814 | D:9      | Killed Joseph
  9953 | D:10     | Entered Level 10 of the Dungeon
  9953 | D:10     | Found a staircase to the Orcish Mines.
 10209 | D:10     | Reached skill level 1 in Shields
 10795 | D:11     | Found an ornate altar of the Wu Jian Council.
 10848 | D:11     | Found a staircase to the Lair.
 10902 | D:11     | Reached XP level 12. HP: 75/82 MP: 16/16
 10942 | D:11     | Found a shadowy altar of Dithmenos.
 11451 | D:11     | Found a shadowy altar of Dithmenos.
 11833 | Lair:1   | Entered Level 1 of the Lair of Beasts
 11931 | Lair:1   | Found a basalt altar of Yredelemnul.
 11931 | Lair:1   | Noticed Erica
 11940 | Lair:1   | Killed Erica
 12136 | Lair:1   | Received a gift from Trog
 12756 | Lair:2   | Noticed Nergalle
 12775 | Lair:2   | Killed Nergalle
 12807 | Lair:2   | Reached skill level 15 in Fighting
 12819 | Lair:2   | Found a staircase to the Shoals.
 13207 | Lair:2   | Found a staircase to the Snake Pit.
 13327 | Lair:2   | Reached XP level 13. HP: 92/92 MP: 17/17
 16036 | Lair:5   | Found a staircase to the Slime Pits.
 16191 | Lair:5   | Received a gift from Trog
 16618 | Lair:6   | Entered Level 6 of the Lair of Beasts
 17061 | Lair:6   | Gained mutation: Your large and strong wings let you fly indefinitely. [Gargoyle growth]
 17061 | Lair:6   | Reached XP level 14. HP: 100/100 MP: 6/18
 17126 | Lair:6   | Got a brightly glowing copper amulet
 19349 | Orc:1    | Entered Level 1 of the Orcish Mines
 19533 | Orc:1    | Found Jogad's Food Shoppe.
 19541 | Orc:1    | Noticed Urug
 19544 | Orc:1    | Noticed Urug
 19544 | Orc:1    | Urug changed into Urug the elephant
 19556 | Orc:1    | Killed Urug the elephant
 19691 | Orc:1    | Received a gift from Trog
 19782 | Orc:2    | Entered Level 2 of the Orcish Mines
 19782 | Orc:2    | Found a staircase to the Elven Halls.
 19858 | Orc:2    | Found Onkaci's Book Emporium.
 20019 | Orc:2    | Identified the amulet "Mocaawn" {Spirit +Fly rN+ Stlth+} (You found it on level 6 of the Lair of Beasts)
 20039 | Orc:2    | Found Caskot's Weapon Shop.
 20435 | Orc:2    | Noticed Nessos
 20447 | Orc:2    | Killed Nessos
 20463 | Orc:2    | Found Xuthrecwu's General Store.
 20468 | Orc:2    | Found Neckella's Gadget Shoppe.
 20485 | Orc:2    | Bought 2 scrolls of blinking for 270 gold pieces
 20485 | Orc:2    | Bought a scroll of identify for 36 gold pieces
 20505 | Orc:2    | Found Dasesawk's Distillery.
 20543 | Orc:2    | Bought a potion of mutation for 112 gold pieces
 20543 | Orc:2    | Bought a potion of heal wounds for 70 gold pieces
 20952 | Orc:2    | Found Etepn's Food Emporium.
 20965 | Orc:2    | Reached skill level 15 in Maces & Flails
 21004 | Orc:2    | Found Qairih's Magic Scroll Shoppe.
 21052 | Orc:2    | Bought a scroll of fear for 52 gold pieces
 21052 | Orc:2    | Bought a scroll of blinking for 112 gold pieces
 21491 | Orc:2    | Reached XP level 15. HP: 105/107 MP: 19/19
 21539 | Orc:2    | Found Ufug's Antique Weapon Boutique.
 21539 | Orc:2    | Found Hocsunli's Gadget Shop.
 21539 | Orc:2    | Found a one-way gate leading to the halls of Pandemonium.
 22057 | Snake:1  | Entered Level 1 of the Snake Pit
 23161 | Snake:1  | Received a gift from Trog
 23818 | Snake:1  | Found Kadeupim's Distillery.
 23825 | Snake:1  | Bought a potion of might for 68 gold pieces
 23825 | Snake:1  | Bought a potion of mutation for 136 gold pieces
 23825 | Snake:1  | Bought a potion of heal wounds for 85 gold pieces
 23826 | Snake:1  | Gained mutation: [You tend to lose your temper in combat.] [potion of mutation]
 23826 | Snake:1  | Gained mutation: You have large cloven feet. [potion of mutation]
 24598 | Snake:2  | Got a pair of distressingly furry gloves
 24607 | Snake:2  | Identified the +2 pair of gloves of Wonder {rC+++ MR- Dex+3 Stlth-} (You found it on level 2 of the Snake Pit)
 24736 | Snake:2  | Received a gift from Trog
 24753 | Snake:2  | Found a sacrificial altar of Ru.
 24759 | Snake:2  | Noticed a nagaraja
 24776 | Snake:2  | Killed a nagaraja
 25312 | Snake:3  | Reached XP level 16. HP: 112/112 MP: 20/20
 25839 | Snake:3  | Noticed Donald
 25852 | Snake:3  | Killed Donald
 26136 | Snake:3  | Found a gateway to a bazaar.
 26208 | Snake:4  | Entered Level 4 of the Snake Pit
 26250 | Snake:4  | Noticed a nagaraja
 26281 | Snake:4  | Killed a nagaraja
 26600 | Snake:4  | Found Cefurybb's Gadget Shoppe.
 26712 | Snake:4  | Found a frozen archway.
 26727 | IceCv    | Entered an ice cave
 27351 | IceCv    | Noticed an Ice Fiend
 27857 | IceCv    | Killed an Ice Fiend
 27926 | IceCv    | Found the +2 hat of the Bear Spirit {Spirit, +Rage rN+ MR++}
 28084 | Snake:4  | Reached skill level 1 in Stealth
 28481 | Snake:4  | Reached skill level 5 in Stealth
 28490 | Snake:4  | Noticed a nagaraja
 28513 | Snake:4  | Killed a nagaraja
 28712 | Snake:4  | Noticed a nagaraja
 28723 | Snake:4  | Killed a nagaraja
 28723 | Snake:4  | Reached XP level 17. HP: 108/118 MP: 19/21
 28846 | Snake:4  | Got a diamond-encrusted chain mail
 28862 | Snake:4  | Identified the +4 chain mail of Baldness {-Cast rPois Str+2 Dex+6} (You found it on level 4 of the Snake Pit)
 29547 | Snake:4  | Reached skill level 15 in Armour
 29617 | Snake:4  | Received a gift from Trog
 29895 | Snake:4  | Got a serpentine rune of Zot
 30371 | D:12     | Noticed Torious's ghost (journeyman DECj)
 30390 | D:12     | Killed Torious's ghost
 31889 | D:13     | Found a gate to the Vaults.
 32072 | Shoals:1 | Entered Level 1 of the Shoals
 32106 | Shoals:1 | Reached XP level 18. HP: 128/128 MP: 20/22
 32723 | Shoals:1 | Received a gift from Trog
 33623 | Shoals:3 | Received a gift from Trog
 33878 | Shoals:3 | Found Zaotweov's Armour Shop.
 33886 | Shoals:3 | Bought the +2 pair of boots of Posismiq {Regen+ SInv} for 308 gold pieces
 34290 | Shoals:4 | Entered Level 4 of the Shoals
 34477 | Shoals:4 | Reached skill level 5 in Dodging
 34889 | Shoals:4 | Received a gift from Trog
 35002 | Shoals:4 | Cast into level 3 of the Abyss (merfolk impaler)
 35028 | Abyss:3  | Reached XP level 19. HP: 136/136 MP: 23/23
 35159 | Abyss:4  | Gained mutation: [Scrolls take you a little longer to read.] [a cacodemon]
 35237 | Abyss:4  | Lost mutation: [Scrolls take you a little longer to read.] [potion of mutation]
 35237 | Abyss:4  | Lost mutation: [You tend to lose your temper in combat.] [potion of mutation]
 35237 | Abyss:4  | Lost mutation: You have large cloven feet. [potion of mutation]
 35237 | Abyss:4  | Gained mutation: [You occasionally shout uncontrollably at your foes.] [potion of mutation]
 35237 | Abyss:4  | Gained mutation: [Your magical capacity is low. (-10% MP)] [potion of mutation]
 35237 | Abyss:4  | Gained mutation: Your mind is acute. (Int +2) [potion of mutation]
 35237 | Abyss:4  | Gained mutation: Your spells are a little harder to cast, but a little more powerful. [potion of mutation]
 35330 | Abyss:4  | Noticed a hellephant
 35628 | Abyss:4  | Got an abyssal rune of Zot
 35639 | Abyss:4  | Lost mutation: [Your magical capacity is extremely low. (-30% MP)] [potion of mutation]
 35639 | Abyss:4  | Lost mutation: Your mind is acute. (Int +2) [potion of mutation]
 35639 | Abyss:4  | Lost mutation: [You frequently scream uncontrollably at your foes.] [potion of mutation]
 35639 | Abyss:4  | Lost mutation: Your spells are a little harder to cast, but a little more powerful. [potion of mutation]
 35639 | Abyss:4  | Gained mutation: You possess an exceptional clarity of mind. [potion of mutation]
 35656 | Abyss:4  | Killed from afar by a smoke demon

Vault maps used:
D:1:      dpeg_arrival_rooms_a, nemelex_diamond_rough_becter
D:2:      chequers_ecumenical_altar_lobes
D:3:      chequers_temple_overflow_minitemple,
          nemelex_xobeh_ov_fountains_minmay, grunt_temple_overflow_open
D:4:      minmay_a_box_with_orc_wizards_in_it
D:5:      lemuel_castle_with_subvaults, fedhas_bush_and_centaur_altar,
          minmay_temple_entry_crystal_x, first_ration, hex_large,
          xom_teletrap_fun
D:6:      gammafunk_temple_overflow_forgotten, basic_altar,
          kennysheep_another_room
D:7:      minmay_the_grid_octo_triangle, the_bakery, minivault_19
D:8:      lemuel_doored_altar, serial_ice, serial_ice_j, serial_ice_c,
          serial_ice_m, serial_ice_e, serial_ice_h, serial_ice_f, serial_ice_g,
          serial_ice_b, serial_ice_o, serial_ice_d, enter_bailey_3,
          minmay_door_square
D:9:      vehumet_crystals, grunt_qazlal_clouds, uniq_joseph
D:10:     orc_0_dummy
D:11:     due_lair_maze_entry_diamond, serial_column_ruins,
          column_ruins_square_medium, column_ruins_temple_hall,
          column_ruins_grid_1, column_ruins_grid_1, column_ruins_grid_3,
          lab_entry_generic, basic_altar, grunt_dithmenos_smoke
D:13:     grunt_vaults_entry_fortified, kennysheep_opposing_triangles
Temple:   eino_temple_lava
Lair:1:   lemuel_oklob_altar, grunt_megastairs_2, lemuel_fruit_fields,
          uniq_erica
Lair:2:   minmay_shoals_entry_beasts, minmay_snake_entry_guardpost_small,
          uniq_nergalle
Lair:3:   grunt_forest_stairs_clearing
Lair:4:   infiniplex_staircase_pool
Lair:5:   slime_dummy, serial_bayou_shore_a, serial_bayou_shore_b
Lair:6:   minmay_lair_end_frog_pond, serial_bayou, serial_bayou_crossing,
          serial_bayou_pond_a, serial_bayou_pond_d, serial_bayou_pond_d,
          serial_bayou_shore_b
Shoals:2: st_cyclops
Shoals:3: serial_shops, shop
Shoals:4: shoals_end_grunt_garden, shoals_ilsuiw_alternative
Snake:1:  serial_shops, shop, grunt_ministairs_15
Snake:2:  basic_altar, fake_guardian_serpent_vault
Snake:3:  serial_shops, statue_bzr, nrook_guardian_serpent_double,
          basic_stair_grate_trap, uniq_donald
Snake:4:  snake_pit_salamanders_mu, portal_ice_cave_entry_dragon, serial_shops,
          nicolae_shop_behind_doors, guppyfry_library_mini,
          basic_stair_grate_trap
Orc:1:    serial_shops, shop, uniq_urug
Orc:2:    pf_orc_diabolical, serial_shops, nicolae_shop_behind_doors, shop,
          nicolae_shop_window_shopping, shop_coins, shop, uniq_nessos
Abyss:3:  bh_abyss_exit_spiral, hangedman_decor_points
Abyss:4:  hangedman_abyss_rune_macabre_mess
IceCv:    ice_cave_caverns_03

Skill      XL: |  1  2  3  4  5  6  7  8  9 10 11 12 13 14 15 16 17 18 |
---------------+-------------------------------------------------------+-----
Maces & Flails | 4 5 6 8 9 10 11 12 15 18 20 | 20.0
Armour         | 4 6 9 10 12 14 16 17 | 17.3
Fighting       | 5 9 12 15 16 17 19 20 | 20.6
Evocations     | 3 5 |  5.5
Shields        | 3 4 |  4.1
Dodging        | 3 4 6 |  6.7
Stealth        | 7 |  7.7

Action                   |  1- 3 |  4- 6 |  7- 9 | 10-12 | 13-15 | 16-18 | 19-21 || total
-------------------------+-------+-------+-------+-------+-------+-------+-------++-------
Melee: Mace              |   131 |   265 |   466 |   918 |   593 |       |       ||  2373
       Flail             |       |       |    43 |       |       |       |       ||    43
       Unarmed           |       |       |       |     9 |       |       |       ||     9
       Great mace        |       |       |       |       |   672 |  1357 |    73 ||  2102
Throw: Throwing net      |       |       |       |       |     3 |     1 |       ||     4
Invok: Berserk           |       |     2 |     5 |    14 |    14 |    10 |     1 ||    46
       Trog's Hand       |       |       |     5 |     5 |    10 |    27 |     5 ||    52
       Brothers in Arms  |       |       |     1 |     6 |    11 |    21 |     1 ||    40
       Burn Spellbooks   |       |       |       |       |     1 |     3 |       ||     4
Evoke: Wand              |       |       |     1 |    27 |    36 |    48 |     1 ||   113
       Lightning rod     |       |       |       |       |     7 |    14 |       ||    21
  Use: Scroll            |       |     4 |     2 |     5 |     8 |     9 |     6 ||    34
       Potion            |       |     2 |       |       |     1 |       |     5 ||     8
 Stab: Sleeping          |     1 |       |       |     6 |       |       |       ||     7
       Distracted        |       |       |       |       |     1 |     2 |       ||     3
  Eat: Chunk             |       |     7 |    13 |    45 |    37 |    26 |     1 ||   129
       Ration            |       |     1 |     1 |       |     7 |    10 |     1 ||    20
Armor: Animal skin       |    64 |    45 |       |       |       |       |       ||   109
       Leather armour    |       |    30 |       |       |       |       |       ||    30
       Chain mail        |       |    38 |       |   112 |   762 |  1079 |   151 ||  2142
       Robe              |       |     9 |   166 |   233 |       |       |       ||   408
       Skin              |       |       |       |     2 |       |       |       ||     2
Dodge: Dodged            |    77 |   149 |   255 |   304 |   574 |   758 |   190 ||  2307
Block: Other             |       |       |    25 |    22 |   156 |   220 |    46 ||   469
       Reflection        |       |       |     1 |     3 |     9 |    36 |       ||    49
       Buckler           |       |       |       |   211 |   107 |       |       ||   318

Table legend:
 A = Spawn XP
 B = Non-spawn XP
 C = Spawn XP percentage of total XP
 D = Spawn monster count
 E = Non-spawn monster count
 F = Spawn count percentage of total count
 G = Total turns spent on level
                    A         B        C        D         E        F      G
               +---------+---------+-------+---------+---------+-------+---------
         Total |    5229 |  319117 |   1.6 |      10 |    1195 |   0.8 | 35656
               +---------+---------+-------+---------+---------+-------+---------
           D:1 |       0 |      51 |   0.0 |       0 |      28 |   0.0 |   619
           D:2 |       0 |      64 |   0.0 |       0 |      19 |   0.0 |   921
           D:3 |       0 |     216 |   0.0 |       0 |      22 |   0.0 |   998
           D:4 |       0 |     260 |   0.0 |       0 |      14 |   0.0 |   877
           D:5 |       0 |    1543 |   0.0 |       0 |      68 |   0.0 |  1924
           D:6 |       0 |     517 |   0.0 |       0 |      11 |   0.0 |   699
           D:7 |       0 |    3294 |   0.0 |       0 |      45 |   0.0 |  1090
           D:8 |       0 |    4253 |   0.0 |       0 |      62 |   0.0 |  1654
           D:9 |       0 |    4332 |   0.0 |       0 |      48 |   0.0 |  1169
          D:10 |       0 |    1775 |   0.0 |       0 |      23 |   0.0 |   814
          D:11 |       0 |    5602 |   0.0 |       0 |      46 |   0.0 |  1238
          D:12 |       0 |    8146 |   0.0 |       0 |      39 |   0.0 |   957
          D:13 |       0 |   11092 |   0.0 |       0 |      23 |   0.0 |   829
        Lair:1 |       0 |    4451 |   0.0 |       0 |      18 |   0.0 |  1022
        Lair:2 |       0 |    5733 |   0.0 |       0 |      22 |   0.0 |  1238
        Lair:3 |       0 |    6499 |   0.0 |       0 |      25 |   0.0 |  1066
        Lair:4 |       0 |    7108 |   0.0 |       0 |      23 |   0.0 |  1293
        Lair:5 |       0 |    6109 |   0.0 |       0 |      23 |   0.0 |  1095
        Lair:6 |       0 |   18767 |   0.0 |       0 |      71 |   0.0 |  2207
      Shoals:1 |       0 |   19714 |   0.0 |       0 |      46 |   0.0 |   897
      Shoals:2 |       0 |   20289 |   0.0 |       0 |      39 |   0.0 |   572
      Shoals:3 |       0 |   13733 |   0.0 |       0 |      33 |   0.0 |  1011
      Shoals:4 |       0 |   26193 |   0.0 |       0 |      48 |   0.0 |   450
       Snake:1 |       0 |   23899 |   0.0 |       0 |      47 |   0.0 |  1988
       Snake:2 |       0 |   12685 |   0.0 |       0 |      23 |   0.0 |   882
       Snake:3 |       0 |   11174 |   0.0 |       0 |      26 |   0.0 |  1087
       Snake:4 |       0 |   68937 |   0.0 |       0 |     116 |   0.0 |  2502
         Orc:1 |       0 |    4202 |   0.0 |       0 |      37 |   0.0 |   578
         Orc:2 |       0 |   15353 |   0.0 |       0 |      90 |   0.0 |  2016
       Abyss:3 |     689 |     693 |  49.9 |       2 |       4 |  33.3 |   108
       Abyss:4 |    4540 |    2386 |  65.6 |       8 |       5 |  61.5 |   546
         IceCv |       0 |   10047 |   0.0 |       0 |      51 |   0.0 |  1307
               +---------+---------+-------+---------+---------+-------+---------
